Senators vs Lightning

Created - November-29-14 at 10:10

Goals
1 2 3 T
Senators 2 2 0 4
Lightning 2 2 2 6
Shots
1 2 3 T
Senators 18 15 12 45
Lightning 10 7 11 28

1st period

1. Senators , Marc Staal 2 (Martin St. Louis, Carey Price) at 1:34 (PP)
2. Senators , Gustav Nyquist 12 (Sidney Crosby, Alec Martinez) at 8:04
3. Lightning , Henrik Sedin 5 (Patrick Kane, Brent Seabrook) at 8:37
4. Lightning , Eric Fehr 2 (Andrej Meszaros, Maxime Talbot) at 9:08

Penalties :
Cam Atkinson (TBL) for Hooking (Minor) at 0:20, Joffrey Lupul (OTT) for Holding (Minor) at 14:12

2nd period

5. Lightning , Henrik Sedin 6 (Patrick Kane) at 6:49
6. Lightning , Andrej Meszaros 3 (Brad Richards, Erik Gudbranson) at 12:50 (PP)
7. Senators , Patrick Sharp 17 (Pavel Datsyuk, Eric Staal) at 13:56
8. Senators , Patrick Sharp 18 (Marc Staal, Erik Gustafsson) at 18:25

Penalties :
Mika Zibanejad (OTT) for Roughing (Minor) at 11:02, Jason Chimera (TBL) for Roughing (Minor) at 17:43, Jan Hejda (OTT) for Roughing (Minor) at 17:43

3rd period

9. Lightning , Cam Atkinson 10 (Patrick Kane) at 0:44
10. Lightning , Curtis Glencross 7 (Brad Richards, Andrej Meszaros) at 2:47 (PP)

Penalties :
Jan Hejda (OTT) for Hooking (Minor) at 1:01, Erik Gudbranson (TBL) for Hooking (Minor) at 9:47, Erik Gudbranson (TBL) for Tripping (Minor) at 15:21

Goalie Stats

Carey Price (OTT), 12 saves from 16 shots - (0.750), 32:50 minutes
Robin Lehner (OTT), 10 saves from 12 shots - (0.833), L, 3-2-0, 27:10 minutes
Alex Stalock (TBL), 41 saves from 45 shots - (0.911), W, 3-2-1, 60:00 minutes

Players Stats for Senators

Player Name              G  A  P  +/- PIM S  H  SB GA TA FO     MP     PP MP  PK MP  
------------------------------------------------------------------------------------
Alec Martinez            0  1  1  -2  0   2  1  0  0  0  0/0    21:49   3:32   2:09 
Anton Volchenkov         0  0  0   0  0   2  3  2  0  0  0/0    19:58   1:40   3:12 
Dave Bolland             0  0  0  -1  0   4  2  0  0  0  12/18  13:10   0:00   1:50 
Eric Staal               0  1  1   0  0   3  3  1  0  0  11/27  17:36   3:04   0:48 
Erik Gustafsson          0  1  1   1  0   0  0  0  0  0  0/0     0:59   0:00   0:00 
Gustav Nyquist           1  0  1  -1  0   2  3  0  0  0  0/4    21:32   3:04   0:00 
Jan Hejda                0  0  0   0  4   0  1  2  0  0  0/0    18:10   0:00   1:13 
Jared Cowen              0  0  0   0  0   0  1  1  0  0  0/0    16:31   0:00   0:22 
Joffrey Lupul            0  0  0  -1  2   3  3  1  0  0  2/3    16:03   0:00   0:00 
Marc Staal               1  1  2   1  0   3  1  1  0  0  2/2    23:19   3:32   1:49 
Mark Stone               0  0  0   0  0   1  0  0  0  0  0/0     4:44   0:00   0:00 
Martin St. Louis         0  1  1  -1  0   4  1  0  0  0  1/2    21:32   3:04   0:00 
Mika Zibanejad           0  0  0  -1  2   3  1  0  0  0  6/11   16:09   0:00   1:06 
Patrick Sharp            2  0  2   1  0   5  2  0  0  0  0/0    16:51   2:08   0:00 
Pavel Datsyuk            0  1  1   0  0   5  0  0  0  0  3/3    18:51   2:08   2:59 
Ron Hainsey              0  0  0  -1  0   3  0  1  0  0  0/0    20:11   1:40   2:21 
Sidney Crosby            0  1  1  -1  0   5  0  0  0  0  15/23  20:36   2:08   0:00 
Travis Moen              0  0  0   0  0   0  0  0  0  0  0/0     4:23   0:00   4:23 

Players Stats for Lightning

Player Name              G  A  P  +/- PIM S  H  SB GA TA FO     MP     PP MP  PK MP  
------------------------------------------------------------------------------------
Andrej Meszaros          1  2  3   0  0   2  1  1  0  0  0/0    19:10   2:45   2:28 
Andrej Sekera            0  0  0   1  0   0  0  1  0  0  0/0    26:01   2:48   2:44 
Brad Richards            0  2  2   0  0   1  0  0  0  0  14/26  19:01   2:33   1:36 
Brent Seabrook           0  1  1   1  0   1  5  6  0  0  0/0    26:01   2:48   2:44 
Cam Atkinson             1  0  1   2  2   1  2  1  0  0  1/2    23:48   3:00   0:24 
Curtis Glencross         1  0  1   0  0   4  4  0  0  0  2/5    16:40   2:33   0:00 
David Schlemko           0  0  0   0  0   0  1  1  0  0  0/0    11:04   0:00   0:00 
Eric Fehr                1  0  1   1  0   3  0  0  0  0  1/1     3:47   0:00   0:00 
Erik Gudbranson          0  1  1   0  4   1  8  4  0  0  0/0    21:09   2:45   0:44 
Henrik Sedin             2  0  2   3  0   7  1  0  0  0  11/31  22:11   3:00   0:00 
Jason Chimera            0  0  0  -2  2   0  2  0  0  0  0/1    11:46   0:00   1:36 
Luca Sbisa               0  0  0   0  0   0  0  1  0  0  0/0     3:45   0:00   0:00 
Maxim Lapierre           0  0  0   1  0   0  1  0  0  0  4/8     7:15   0:00   3:28 
Maxime Talbot            0  1  1  -1  0   3  0  0  0  0  0/1    17:18   0:00   3:20 
Patrick Kane             0  3  3   2  0   3  1  0  0  0  1/4    23:25   3:00   0:00 
Scott Hannan             0  0  0   0  0   0  0  2  0  0  0/0    12:48   0:00   1:44 
Teddy Purcell            0  0  0   0  0   1  0  0  0  0  0/1    17:25   2:33   0:00 
Tomas Plekanec           0  0  0  -2  0   1  0  0  0  0  7/13   10:11   0:00   0:00 

3 Stars

1 - Henrik Sedin (TBL)
2 - Patrick Sharp (OTT)
3 - Andrej Meszaros (TBL)

Power Play

Senators - 1 on 3 Attempt(s) - 33.33%
Lightning - 2 on 3 Attempt(s) - 66.67%

Penalty Kill

Senators - 1 on 3 Attempt(s) - 33.33% - Score 0 goal in Penalty Kill
Lightning - 2 on 3 Attempt(s) - 66.67% - Score 0 goal in Penalty Kill

Official

Referees : Jon Mclsaac and Dean Morton
Linesman : Lonnie Cameron and Mike Cvik

Game Notes

Robin Lehner enters game at 12:50 of 2nd period

Finance

Level 1 -- Attendance: 4860 (74.77%) -- Ticket Income $534,600
Level 2 -- Attendance: 3156 (63.12%) -- Ticket Income $299,820
Level 3 -- Attendance: 2261 (64.60%) -- Ticket Income $169,575
Level 4 -- Attendance: 1966 (52.32%) -- Ticket Income $88,470
Luxury Box -- Attendance: 474 (47.40%) -- Ticket Income $170,640
Game was played at the Tampa Bay Times Forum
Total Attendance: 12717 (64.36%)
Total Ticket Income: $1,263,105
Other Income: $189,466
Total Income: $1,452,571

% Time on Ice - Senators

Lines # - Real PCT - Wanted PCT - Time Play
Normal Forward
1 - 39% - 40% - 18:28
2 - 29% - 30% - 13:44
3 - 22% - 20% - 10:20
4 - 10% - 10% - 4:44
Normal Defense
1 - 36% - 38% - 16:59
2 - 32% - 32% - 15:08
3 - 22% - 20% - 10:16
4 - 10% - 10% - 4:53
PP Forward
1 - 41% - 50% - 2:08
2 - 59% - 50% - 3:04
PP Defense
1 - 68% - 50% - 3:32
2 - 32% - 50% - 1:40
PK Forward
1 - 46% - 50% - 2:34
2 - 54% - 50% - 2:59
PK Defense
1 - 42% - 50% - 2:21
2 - 58% - 50% - 3:12
PK3 Forward
1 - 0% - 50%
2 - 0% - 50%
PK3 Defense
1 - 0% - 50%
2 - 0% - 50%
44 Forward
1 - 50% - 52% - 1:00
2 - 50% - 48% - 0:59
44 Defense
1 - 50% - 52% - 0:59
2 - 50% - 48% - 1:00
Last Minute Offensive  - 0:00
Last Minute Defensive  - 0:00
Total
Forward - 60:00
Defense - 60:00

% Time on Ice - Lightning

Lines # - Real PCT - Wanted PCT - Time Play
Normal Forward
1 - 41% - 40% - 19:11
2 - 30% - 30% - 14:07
3 - 22% - 20% - 10:11
4 - 8% - 10% - 3:47
Normal Defense
1 - 40% - 40% - 19:05
2 - 28% - 30% - 13:22
3 - 23% - 20% - 11:04
4 - 8% - 10% - 3:45
PP Forward
1 - 54% - 60% - 3:00
2 - 46% - 40% - 2:33
PP Defense
1 - 50% - 60% - 2:48
2 - 50% - 40% - 2:45
PK Forward
1 - 69% - 60% - 3:36
2 - 31% - 40% - 1:36
PK Defense
1 - 53% - 60% - 2:44
2 - 47% - 40% - 2:28
PK3 Forward
1 - 0% - 60%
2 - 0% - 40%
PK3 Defense
1 - 0% - 60%
2 - 0% - 40%
44 Forward
1 - 62% - 60% - 1:14
2 - 38% - 40% - 0:45
44 Defense
1 - 71% - 60% - 1:24
2 - 29% - 40% - 0:35
Last Minute Offensive  - 0:00
Last Minute Defensive  - 0:00
Total
Forward - 60:00
Defense - 60:00

Play by Play

1st period


0:01 of 1st period - Henrik Sedin wins face-off versus Sidney Crosby in neutral zone.
0:11 of 1st period - Shot by Gustav Nyquist.
0:11 of 1st period - Shot Blocked by Brent Seabrook.
0:20 of 1st period - Minor Penalty to Cam Atkinson for Hooking.
0:21 of 1st period - Sidney Crosby wins face-off versus Maxime Talbot in Lightning zone.
0:29 of 1st period - Patrick Sharp is hit by Erik Gudbranson and loses puck.
0:36 of 1st period - Shot by Anton Volchenkov.
0:36 of 1st period - Shot Blocked by Erik Gudbranson.
0:38 of 1st period - Shot by Ron Hainsey.
0:38 of 1st period - Stopped by Alex Stalock with a rebound.
0:40 of 1st period - Shot by Anton Volchenkov.
0:40 of 1st period - Shot Blocked by Erik Gudbranson.
0:56 of 1st period - Shot by Pavel Datsyuk.
0:56 of 1st period - Stopped by Alex Stalock without a rebound.
0:57 of 1st period - Brad Richards wins face-off versus Eric Staal in Lightning zone.
1:32 of 1st period - Shot by Marc Staal.
1:32 of 1st period - Stopped by Alex Stalock with a rebound.
1:34 of 1st period - Shot by Marc Staal.
1:34 of 1st period - Goal by Marc Staal - Senators : 1 - Lightning : 0.
1:35 of 1st period - Dave Bolland wins face-off versus Henrik Sedin in neutral zone.
1:46 of 1st period - Shot by Henrik Sedin.
1:46 of 1st period - Shot Misses the Net.
2:02 of 1st period - Shot by Joffrey Lupul.
2:02 of 1st period - Shot Blocked by Scott Hannan.
2:04 of 1st period - Shot by Jared Cowen.
2:04 of 1st period - Shot Misses the Net.
2:06 of 1st period - Shot by Dave Bolland.
2:06 of 1st period - Shot Blocked by Scott Hannan.
2:08 of 1st period - Shot by Dave Bolland.
2:08 of 1st period - Shot Misses the Net.
2:37 of 1st period - Icing by Curtis Glencross.
2:38 of 1st period - Brad Richards wins face-off versus Eric Staal in Lightning zone.
2:40 of 1st period - Icing by Erik Gudbranson.
2:41 of 1st period - Brad Richards wins face-off versus Gustav Nyquist in Lightning zone.
3:16 of 1st period - Teddy Purcell is hit by Gustav Nyquist and loses puck.
3:52 of 1st period - Jason Chimera is hit by Marc Staal and loses puck.
4:20 of 1st period - Icing by Brent Seabrook.
4:21 of 1st period - Mika Zibanejad wins face-off versus Tomas Plekanec in Lightning zone.
5:12 of 1st period - Shot by Henrik Sedin.
5:12 of 1st period - Stopped by Carey Price without a rebound.
5:13 of 1st period - Sidney Crosby wins face-off versus Brad Richards in Senators zone.
5:15 of 1st period - Martin St. Louis is hit by Curtis Glencross and loses puck.
5:22 of 1st period - Shot by Gustav Nyquist.
5:22 of 1st period - Shot Blocked by Erik Gudbranson.
5:26 of 1st period - Shot by Gustav Nyquist.
5:26 of 1st period - Shot Blocked by Erik Gudbranson.
5:38 of 1st period - Shot by Sidney Crosby.
5:38 of 1st period - Shot Misses the Net.
5:40 of 1st period - Shot by Ron Hainsey.
5:40 of 1st period - Stopped by Alex Stalock without a rebound.
5:41 of 1st period - Henrik Sedin wins face-off versus Eric Staal in Lightning zone.
6:17 of 1st period - Shot by Andrej Sekera.
6:17 of 1st period - Shot Blocked by Eric Staal.
6:19 of 1st period - Shot by Brent Seabrook.
6:19 of 1st period - Stopped by Carey Price with a rebound.
6:27 of 1st period - Shot by Henrik Sedin.
6:27 of 1st period - Stopped by Carey Price with a rebound.
6:51 of 1st period - Shot by Martin St. Louis.
6:51 of 1st period - Stopped by Alex Stalock without a rebound.
6:52 of 1st period - Brad Richards wins face-off versus Dave Bolland in Lightning zone.
6:57 of 1st period - David Schlemko is hit by Dave Bolland and loses puck.
7:55 of 1st period - Ron Hainsey is hit by Jason Chimera and loses puck.
8:02 of 1st period - Shot by Sidney Crosby.
8:02 of 1st period - Shot Misses the Net.
8:04 of 1st period - Shot by Gustav Nyquist.
8:04 of 1st period - Goal by Gustav Nyquist - Senators : 2 - Lightning : 0.
8:05 of 1st period - Pavel Datsyuk wins face-off versus Henrik Sedin in neutral zone.
8:12 of 1st period - Shot by Eric Staal.
8:12 of 1st period - Shot Blocked by Brent Seabrook.
8:24 of 1st period - Eric Staal is hit by Patrick Kane and loses puck.
8:33 of 1st period - Shot by Henrik Sedin.
8:33 of 1st period - Shot Misses the Net.
8:35 of 1st period - Shot by Patrick Kane.
8:35 of 1st period - Shot Misses the Net.
8:37 of 1st period - Shot by Henrik Sedin.
8:37 of 1st period - Goal by Henrik Sedin - Senators : 2 - Lightning : 1.
8:38 of 1st period - Eric Fehr wins face-off versus Sidney Crosby in neutral zone.
8:45 of 1st period - Shot by Eric Fehr.
8:45 of 1st period - Deflect By Maxime Talbot.
8:45 of 1st period - Stopped by Carey Price without a rebound.
8:46 of 1st period - Sidney Crosby wins face-off versus Maxim Lapierre in Senators zone.
9:02 of 1st period - Shot by Maxime Talbot.
9:02 of 1st period - Shot Blocked by Ron Hainsey.
9:04 of 1st period - Shot by Andrej Meszaros.
9:04 of 1st period - Shot Misses the Net.
9:08 of 1st period - Shot by Eric Fehr.
9:08 of 1st period - Goal by Eric Fehr - Senators : 2 - Lightning : 2.
9:09 of 1st period - Henrik Sedin wins face-off versus Eric Staal in neutral zone.
9:24 of 1st period - Shot by Patrick Kane.
9:24 of 1st period - Stopped by Carey Price without a rebound.
9:25 of 1st period - Tomas Plekanec wins face-off versus Sidney Crosby in Senators zone.
9:30 of 1st period - Shot by Tomas Plekanec.
9:30 of 1st period - Stopped by Carey Price without a rebound.
9:31 of 1st period - Martin St. Louis wins face-off versus Henrik Sedin in Senators zone.
10:00 of 1st period - Martin St. Louis is hit by Brent Seabrook and loses puck.
10:09 of 1st period - Shot by Martin St. Louis.
10:09 of 1st period - Stopped by Alex Stalock without a rebound.
10:10 of 1st period - Brad Richards wins face-off versus Eric Staal in Lightning zone.
10:10 of 1st period - Brad Richards is hit by Eric Staal.
10:32 of 1st period - Shot by Patrick Sharp.
10:32 of 1st period - Stopped by Alex Stalock without a rebound.
10:33 of 1st period - Mika Zibanejad wins face-off versus Tomas Plekanec in Lightning zone.
10:42 of 1st period - Shot by Mika Zibanejad.
10:42 of 1st period - Stopped by Alex Stalock without a rebound.
10:43 of 1st period - Brad Richards wins face-off versus Sidney Crosby in Lightning zone.
11:05 of 1st period - Martin St. Louis is hit by Brent Seabrook and loses puck.
11:18 of 1st period - Shot by Gustav Nyquist.
11:18 of 1st period - Shot Blocked by Andrej Sekera.
11:20 of 1st period - Shot by Jan Hejda.
11:20 of 1st period - Shot Blocked by Brent Seabrook.
11:22 of 1st period - Shot by Jan Hejda.
11:22 of 1st period - Shot Blocked by Brent Seabrook.
11:24 of 1st period - Shot by Sidney Crosby.
11:24 of 1st period - Stopped by Alex Stalock with a rebound.
11:26 of 1st period - Shot by Marc Staal.
11:26 of 1st period - Stopped by Alex Stalock without a rebound.
11:27 of 1st period - Tomas Plekanec wins face-off versus Dave Bolland in Lightning zone.
11:35 of 1st period - Shot by Joffrey Lupul.
11:35 of 1st period - Stopped by Alex Stalock without a rebound.
11:36 of 1st period - Henrik Sedin wins face-off versus Eric Staal in Lightning zone.
11:36 of 1st period - Henrik Sedin is hit by Eric Staal.
12:16 of 1st period - Shot by Eric Staal.
12:16 of 1st period - Shot Blocked by Luca Sbisa.
12:18 of 1st period - Shot by Pavel Datsyuk.
12:18 of 1st period - Stopped by Alex Stalock without a rebound.
12:19 of 1st period - Sidney Crosby wins face-off versus Tomas Plekanec in Lightning zone.
14:12 of 1st period - Minor Penalty to Joffrey Lupul for Holding.
14:13 of 1st period - Mika Zibanejad wins face-off versus Henrik Sedin in Senators zone.
14:13 of 1st period - Mika Zibanejad is hit by Cam Atkinson.
14:25 of 1st period - Shot by Andrej Meszaros.
14:25 of 1st period - Stopped by Carey Price with a rebound.
15:09 of 1st period - Pavel Datsyuk is hit by Curtis Glencross and loses puck.
15:20 of 1st period - Shot by Andrej Sekera.
15:20 of 1st period - Shot Blocked by Anton Volchenkov.
15:22 of 1st period - Shot by Andrej Sekera.
15:22 of 1st period - Shot Blocked by Anton Volchenkov.
15:24 of 1st period - Shot by Curtis Glencross.
15:24 of 1st period - Shot Misses the Net.
16:09 of 1st period - Off-side.
16:10 of 1st period - Brad Richards wins face-off versus Mika Zibanejad in neutral zone.
16:48 of 1st period - Icing by Scott Hannan.
16:49 of 1st period - Maxim Lapierre wins face-off versus Sidney Crosby in Lightning zone.
16:56 of 1st period - Sidney Crosby is hit by Maxim Lapierre and loses puck.
17:10 of 1st period - Icing by Martin St. Louis.
17:11 of 1st period - Sidney Crosby wins face-off versus Brad Richards in Senators zone.
17:22 of 1st period - Shot by Sidney Crosby.
17:22 of 1st period - Stopped by Alex Stalock without a rebound.
17:23 of 1st period - Eric Staal wins face-off versus Cam Atkinson in Lightning zone.
17:23 of 1st period - Pavel Datsyuk is hit by Brent Seabrook and loses puck.
17:26 of 1st period - Shot by Eric Staal.
17:26 of 1st period - Stopped by Alex Stalock with a rebound.
17:28 of 1st period - Shot by Ron Hainsey.
17:28 of 1st period - Shot Misses the Net.
17:30 of 1st period - Shot by Eric Staal.
17:30 of 1st period - Shot Misses the Net.
17:32 of 1st period - Shot by Alec Martinez.
17:32 of 1st period - Shot Misses the Net.
17:34 of 1st period - Shot by Ron Hainsey.
17:34 of 1st period - Deflect By Pavel Datsyuk.
17:34 of 1st period - Shot Blocked by Cam Atkinson.
17:42 of 1st period - Shot by Eric Staal.
17:42 of 1st period - Deflect By Pavel Datsyuk.
17:42 of 1st period - Stopped by Alex Stalock without a rebound.
17:43 of 1st period - Tomas Plekanec wins face-off versus Dave Bolland in Lightning zone.
18:11 of 1st period - Marc Staal is hit by Erik Gudbranson and loses puck.
18:16 of 1st period - Shot by Joffrey Lupul.
18:16 of 1st period - Shot Misses the Net.
18:18 of 1st period - Shot by Dave Bolland.
18:18 of 1st period - Stopped by Alex Stalock without a rebound.
18:19 of 1st period - Eric Staal wins face-off versus Henrik Sedin in Lightning zone.
18:30 of 1st period - Shot by Henrik Sedin.
18:30 of 1st period - Stopped by Carey Price without a rebound.
18:31 of 1st period - Sidney Crosby wins face-off versus Curtis Glencross in Senators zone.
18:36 of 1st period - Off-side.
18:37 of 1st period - Eric Staal wins face-off versus Henrik Sedin in neutral zone.
19:00 of 1st period - Shot by Henrik Sedin.
19:00 of 1st period - Shot Hit the Post.
19:52 of 1st period - Shot by Brad Richards.
19:52 of 1st period - Deflect By Curtis Glencross.
19:52 of 1st period - Shot Misses the Net.
Goals for this period are 2 for Senators vs 2 for Lightning.
Shots for this period are 18 for Senators vs 10 for Lightning.

2nd period


0:01 of 2nd period - Mika Zibanejad wins face-off versus Henrik Sedin in neutral zone.
0:14 of 2nd period - Shot by Joffrey Lupul.
0:14 of 2nd period - Shot Misses the Net.
0:16 of 2nd period - Shot by Dave Bolland.
0:16 of 2nd period - Shot Misses the Net.
0:18 of 2nd period - Shot by Dave Bolland.
0:18 of 2nd period - Shot Misses the Net.
0:26 of 2nd period - Shot by Dave Bolland.
0:26 of 2nd period - Stopped by Alex Stalock with a rebound.
0:45 of 2nd period - Patrick Kane is hit by Dave Bolland and loses puck.
1:29 of 2nd period - Shot by Sidney Crosby.
1:29 of 2nd period - Shot Hit the Post.
1:42 of 2nd period - Icing by Ron Hainsey.
1:43 of 2nd period - Sidney Crosby wins face-off versus Tomas Plekanec in Senators zone.
2:36 of 2nd period - Shot by Brad Richards.
2:36 of 2nd period - Shot Blocked by Jan Hejda.
3:14 of 2nd period - Dave Bolland is hit by Brent Seabrook and loses puck.
3:19 of 2nd period - Shot by Anton Volchenkov.
3:19 of 2nd period - Stopped by Alex Stalock with a rebound.
3:21 of 2nd period - Shot by Mika Zibanejad.
3:21 of 2nd period - Stopped by Alex Stalock without a rebound.
3:22 of 2nd period - Cam Atkinson wins face-off versus Joffrey Lupul in Lightning zone.
3:44 of 2nd period - Mark Stone is hit by Erik Gudbranson.
4:00 of 2nd period - Shot by Patrick Kane.
4:00 of 2nd period - Shot Blocked by Jared Cowen.
4:10 of 2nd period - Anton Volchenkov is hit by Erik Gudbranson and loses puck.
4:21 of 2nd period - Martin St. Louis is hit by Cam Atkinson and loses puck.
5:18 of 2nd period - Shot by Eric Staal.
5:18 of 2nd period - Shot Blocked by David Schlemko.
5:28 of 2nd period - Shot by Pavel Datsyuk.
5:28 of 2nd period - Shot Misses the Net.
5:34 of 2nd period - Shot by Pavel Datsyuk.
5:34 of 2nd period - Stopped by Alex Stalock without a rebound.
5:35 of 2nd period - Dave Bolland wins face-off versus Curtis Glencross in Lightning zone.
5:41 of 2nd period - Icing by Brent Seabrook.
5:42 of 2nd period - Eric Staal wins face-off versus Brad Richards in Lightning zone.
5:43 of 2nd period - Shot by Pavel Datsyuk.
5:43 of 2nd period - Stopped by Alex Stalock without a rebound.
5:44 of 2nd period - Curtis Glencross wins face-off versus Eric Staal in Lightning zone.
5:46 of 2nd period - Icing by Andrej Sekera.
5:47 of 2nd period - Brad Richards wins face-off versus Dave Bolland in Lightning zone.
5:47 of 2nd period - Brad Richards is hit by Mika Zibanejad.
6:41 of 2nd period - Icing by Alec Martinez.
6:42 of 2nd period - Joffrey Lupul wins face-off versus Henrik Sedin in Senators zone.
6:42 of 2nd period - Mika Zibanejad is hit by Henrik Sedin and loses puck.
6:49 of 2nd period - Shot by Henrik Sedin.
6:49 of 2nd period - Goal by Henrik Sedin - Senators : 2 - Lightning : 3.
6:50 of 2nd period - Sidney Crosby wins face-off versus Henrik Sedin in neutral zone.
6:59 of 2nd period - Shot by Patrick Kane.
6:59 of 2nd period - Stopped by Carey Price without a rebound.
7:00 of 2nd period - Henrik Sedin wins face-off versus Eric Staal in Senators zone.
7:12 of 2nd period - Eric Staal is hit by Erik Gudbranson and loses puck.
7:18 of 2nd period - Eric Staal is hit by Andrej Meszaros and loses puck.
7:42 of 2nd period - Eric Staal is hit by Erik Gudbranson and loses puck.
7:45 of 2nd period - Shot by Eric Staal.
7:45 of 2nd period - Shot Misses the Net.
8:19 of 2nd period - Shot by Sidney Crosby.
8:19 of 2nd period - Stopped by Alex Stalock without a rebound.
8:20 of 2nd period - Dave Bolland wins face-off versus Teddy Purcell in Lightning zone.
8:35 of 2nd period - Shot by Dave Bolland.
8:35 of 2nd period - Shot Misses the Net.
8:46 of 2nd period - Joffrey Lupul is hit by David Schlemko and loses puck.
9:29 of 2nd period - Shot by Sidney Crosby.
9:29 of 2nd period - Shot Misses the Net.
9:32 of 2nd period - Icing by David Schlemko.
9:33 of 2nd period - Eric Staal wins face-off versus Brad Richards in Lightning zone.
9:40 of 2nd period - Shot by Eric Staal.
9:40 of 2nd period - Stopped by Alex Stalock with a rebound.
9:42 of 2nd period - Shot by Anton Volchenkov.
9:42 of 2nd period - Stopped by Alex Stalock without a rebound.
9:43 of 2nd period - Henrik Sedin wins face-off versus Eric Staal in Lightning zone.
10:13 of 2nd period - Icing by Marc Staal.
10:14 of 2nd period - Tomas Plekanec wins face-off versus Eric Staal in Senators zone.
11:00 of 2nd period - Shot by Sidney Crosby.
11:00 of 2nd period - Stopped by Alex Stalock without a rebound.
11:01 of 2nd period - Henrik Sedin wins face-off versus Mika Zibanejad in Lightning zone.
11:01 of 2nd period - Henrik Sedin is hit by Joffrey Lupul.
11:02 of 2nd period - Minor Penalty to Mika Zibanejad for Roughing.
11:03 of 2nd period - Dave Bolland wins face-off versus Henrik Sedin in Senators zone.
11:40 of 2nd period - Shot by Brent Seabrook.
11:40 of 2nd period - Shot Misses the Net.
11:42 of 2nd period - Shot by Andrej Sekera.
11:42 of 2nd period - Shot Misses the Net.
11:44 of 2nd period - Shot by Henrik Sedin.
11:44 of 2nd period - Stopped by Carey Price without a rebound.
11:45 of 2nd period - Dave Bolland wins face-off versus Brad Richards in Senators zone.
12:08 of 2nd period - Shot by Erik Gudbranson.
12:08 of 2nd period - Stopped by Carey Price without a rebound.
12:09 of 2nd period - Dave Bolland wins face-off versus Henrik Sedin in Senators zone.
12:20 of 2nd period - Shot by Andrej Sekera.
12:20 of 2nd period - Shot Misses the Net.
12:22 of 2nd period - Shot by Cam Atkinson.
12:22 of 2nd period - Deflect By Patrick Kane.
12:22 of 2nd period - Stopped by Carey Price without a rebound.
12:23 of 2nd period - Dave Bolland wins face-off versus Brad Richards in Senators zone.
12:23 of 2nd period - Dave Bolland is hit by Curtis Glencross.
12:48 of 2nd period - Shot by Brad Richards.
12:48 of 2nd period - Shot Blocked by Jan Hejda.
12:50 of 2nd period - Shot by Andrej Meszaros.
12:50 of 2nd period - Goal by Andrej Meszaros - Senators : 2 - Lightning : 4.
12:50 of 2nd period - Robin Lehner enters game.
12:51 of 2nd period - Sidney Crosby wins face-off versus Henrik Sedin in neutral zone.
13:26 of 2nd period - Shot by Gustav Nyquist.
13:26 of 2nd period - Deflect By Sidney Crosby.
13:26 of 2nd period - Shot Misses the Net.
13:43 of 2nd period - Icing by Henrik Sedin.
13:44 of 2nd period - Eric Staal wins face-off versus Henrik Sedin in Lightning zone.
13:50 of 2nd period - Off-side.
13:51 of 2nd period - Eric Staal wins face-off versus Jason Chimera in neutral zone.
13:54 of 2nd period - Shot by Pavel Datsyuk.
13:54 of 2nd period - Shot Misses the Net.
13:56 of 2nd period - Shot by Patrick Sharp.
13:56 of 2nd period - Goal by Patrick Sharp - Senators : 3 - Lightning : 4.
13:57 of 2nd period - Tomas Plekanec wins face-off versus Eric Staal in neutral zone.
14:21 of 2nd period - Shot by Pavel Datsyuk.
14:21 of 2nd period - Shot Misses the Net.
14:23 of 2nd period - Shot by Eric Staal.
14:23 of 2nd period - Shot Hit the Post.
15:30 of 2nd period - Shot by Sidney Crosby.
15:30 of 2nd period - Shot Misses the Net.
15:43 of 2nd period - Brent Seabrook is hit by Anton Volchenkov and loses puck.
15:54 of 2nd period - Shot by Dave Bolland.
15:54 of 2nd period - Stopped by Alex Stalock without a rebound.
15:55 of 2nd period - Curtis Glencross wins face-off versus Mika Zibanejad in Lightning zone.
15:55 of 2nd period - Brad Richards is hit by Joffrey Lupul and loses puck.
16:37 of 2nd period - Shot by Curtis Glencross.
16:37 of 2nd period - Shot Misses the Net.
16:39 of 2nd period - Shot by Brad Richards.
16:39 of 2nd period - Shot Blocked by Joffrey Lupul.
16:55 of 2nd period - Shot by Eric Fehr.
16:55 of 2nd period - Stopped by Robin Lehner without a rebound.
16:56 of 2nd period - Sidney Crosby wins face-off versus Henrik Sedin in Senators zone.
17:10 of 2nd period - Icing by Luca Sbisa.
17:11 of 2nd period - Eric Staal wins face-off versus Henrik Sedin in Lightning zone.
17:16 of 2nd period - Shot by Patrick Sharp.
17:16 of 2nd period - Stopped by Alex Stalock without a rebound.
17:17 of 2nd period - Sidney Crosby wins face-off versus Tomas Plekanec in Lightning zone.
17:22 of 2nd period - Shot by Gustav Nyquist.
17:22 of 2nd period - Deflect By Martin St. Louis.
17:22 of 2nd period - Shot Misses the Net.
17:34 of 2nd period - Shot by Sidney Crosby.
17:34 of 2nd period - Shot Misses the Net.
17:43 of 2nd period - Minor Penalty to Jason Chimera for Roughing.
17:43 of 2nd period - Minor Penalty to Jan Hejda for Roughing.
17:44 of 2nd period - Dave Bolland wins face-off versus Patrick Kane in Senators zone.
17:46 of 2nd period - Icing by Alec Martinez.
17:47 of 2nd period - Dave Bolland wins face-off versus Patrick Kane in Senators zone.
18:11 of 2nd period - Icing by Brent Seabrook.
18:12 of 2nd period - Marc Staal wins face-off versus Patrick Kane in Lightning zone.
18:25 of 2nd period - Shot by Patrick Sharp.
18:25 of 2nd period - Goal by Patrick Sharp - Senators : 4 - Lightning : 4.
18:26 of 2nd period - Patrick Kane wins face-off versus Dave Bolland in neutral zone.
18:38 of 2nd period - Jared Cowen is hit by Erik Gudbranson and loses puck.
18:47 of 2nd period - Shot by Joffrey Lupul.
18:47 of 2nd period - Shot Blocked by Andrej Meszaros.
18:49 of 2nd period - Shot by Joffrey Lupul.
18:49 of 2nd period - Shot Misses the Net.
18:51 of 2nd period - Shot by Joffrey Lupul.
18:51 of 2nd period - Shot Misses the Net.
18:55 of 2nd period - Shot by Joffrey Lupul.
18:55 of 2nd period - Stopped by Alex Stalock with a rebound.
18:57 of 2nd period - Shot by Alec Martinez.
18:57 of 2nd period - Stopped by Alex Stalock without a rebound.
18:58 of 2nd period - Marc Staal wins face-off versus Brad Richards in Lightning zone.
19:31 of 2nd period - Shot by Patrick Sharp.
19:31 of 2nd period - Shot Misses the Net.
Goals for this period are 2 for Senators vs 2 for Lightning.
Shots for this period are 15 for Senators vs 7 for Lightning.

3rd period


0:01 of 3rd period - Sidney Crosby wins face-off versus Henrik Sedin in neutral zone.
0:04 of 3rd period - Shot by Alec Martinez.
0:04 of 3rd period - Shot Blocked by Brent Seabrook.
0:06 of 3rd period - Shot by Sidney Crosby.
0:06 of 3rd period - Stopped by Alex Stalock without a rebound.
0:07 of 3rd period - Henrik Sedin wins face-off versus Gustav Nyquist in Lightning zone.
0:44 of 3rd period - Shot by Patrick Kane.
0:44 of 3rd period - Deflect By Cam Atkinson.
0:44 of 3rd period - Goal by Cam Atkinson - Senators : 4 - Lightning : 5.
0:45 of 3rd period - Brad Richards wins face-off versus Eric Staal in neutral zone.
0:45 of 3rd period - Andrej Meszaros is hit by Patrick Sharp and loses puck.
1:01 of 3rd period - Minor Penalty to Jan Hejda for Hooking.
1:02 of 3rd period - Mika Zibanejad wins face-off versus Henrik Sedin in Senators zone.
1:53 of 3rd period - Shot by Curtis Glencross.
1:53 of 3rd period - Stopped by Robin Lehner without a rebound.
1:54 of 3rd period - Pavel Datsyuk wins face-off versus Brad Richards in Senators zone.
2:01 of 3rd period - Shot by Curtis Glencross.
2:01 of 3rd period - Stopped by Robin Lehner without a rebound.
2:02 of 3rd period - Mika Zibanejad wins face-off versus Curtis Glencross in Senators zone.
2:10 of 3rd period - Off-side.
2:11 of 3rd period - Pavel Datsyuk wins face-off versus Brad Richards in neutral zone.
2:21 of 3rd period - Shot by Curtis Glencross.
2:21 of 3rd period - Stopped by Robin Lehner with a rebound.
2:23 of 3rd period - Shot by Erik Gudbranson.
2:23 of 3rd period - Shot Misses the Net.
2:25 of 3rd period - Shot by Erik Gudbranson.
2:25 of 3rd period - Shot Blocked by Marc Staal.
2:27 of 3rd period - Shot by Curtis Glencross.
2:27 of 3rd period - Shot Misses the Net.
2:33 of 3rd period - Shot by Teddy Purcell.
2:33 of 3rd period - Stopped by Robin Lehner with a rebound.
2:47 of 3rd period - Shot by Curtis Glencross.
2:47 of 3rd period - Goal by Curtis Glencross - Senators : 4 - Lightning : 6.
2:48 of 3rd period - Henrik Sedin wins face-off versus Gustav Nyquist in neutral zone.
2:57 of 3rd period - Shot by Sidney Crosby.
2:57 of 3rd period - Deflect By Martin St. Louis.
2:57 of 3rd period - Stopped by Alex Stalock without a rebound.
2:58 of 3rd period - Dave Bolland wins face-off versus Henrik Sedin in Lightning zone.
3:01 of 3rd period - Shot by Mika Zibanejad.
3:01 of 3rd period - Stopped by Alex Stalock with a rebound.
3:40 of 3rd period - Joffrey Lupul is hit by Brent Seabrook.
5:00 of 3rd period - Curtis Glencross is hit by Jan Hejda and loses puck.
5:04 of 3rd period - Icing by Jan Hejda.
5:05 of 3rd period - Tomas Plekanec wins face-off versus Sidney Crosby in Senators zone.
5:10 of 3rd period - Shot by Tomas Plekanec.
5:10 of 3rd period - Deflect By Maxime Talbot.
5:10 of 3rd period - Stopped by Robin Lehner without a rebound.
5:11 of 3rd period - Eric Staal wins face-off versus Tomas Plekanec in Senators zone.
6:30 of 3rd period - Andrej Meszaros is hit by Joffrey Lupul and loses puck.
6:53 of 3rd period - Jan Hejda is hit by Curtis Glencross and loses puck.
7:06 of 3rd period - Shot by Sidney Crosby.
7:06 of 3rd period - Shot Misses the Net.
8:01 of 3rd period - Icing by Luca Sbisa.
8:02 of 3rd period - Maxim Lapierre wins face-off versus Mika Zibanejad in Lightning zone.
8:11 of 3rd period - Shot by Eric Fehr.
8:11 of 3rd period - Stopped by Robin Lehner without a rebound.
8:12 of 3rd period - Brad Richards wins face-off versus Sidney Crosby in Senators zone.
8:21 of 3rd period - Shot by Brad Richards.
8:21 of 3rd period - Stopped by Robin Lehner without a rebound.
8:22 of 3rd period - Tomas Plekanec wins face-off versus Dave Bolland in Senators zone.
8:28 of 3rd period - Maxime Talbot is hit by Jared Cowen.
8:39 of 3rd period - Andrej Sekera is hit by Anton Volchenkov and loses puck.
9:01 of 3rd period - Jason Chimera is hit by Anton Volchenkov and loses puck.
9:38 of 3rd period - Erik Gudbranson is hit by Gustav Nyquist.
9:47 of 3rd period - Minor Penalty to Erik Gudbranson for Hooking.
9:48 of 3rd period - Sidney Crosby wins face-off versus Maxim Lapierre in Lightning zone.
9:55 of 3rd period - Shot by Patrick Sharp.
9:55 of 3rd period - Stopped by Alex Stalock without a rebound.
9:56 of 3rd period - Eric Staal wins face-off versus Maxim Lapierre in Lightning zone.
10:11 of 3rd period - Shot by Gustav Nyquist.
10:11 of 3rd period - Stopped by Alex Stalock with a rebound.
10:20 of 3rd period - Icing by Martin St. Louis.
10:21 of 3rd period - Maxim Lapierre wins face-off versus Gustav Nyquist in Senators zone.
10:49 of 3rd period - Icing by Marc Staal.
10:50 of 3rd period - Maxim Lapierre wins face-off versus Eric Staal in Senators zone.
11:06 of 3rd period - Alec Martinez is hit by Jason Chimera and loses puck.
11:58 of 3rd period - Shot by Joffrey Lupul.
11:58 of 3rd period - Stopped by Alex Stalock without a rebound.
11:59 of 3rd period - Brad Richards wins face-off versus Mika Zibanejad in Lightning zone.
12:29 of 3rd period - Shot by Mark Stone.
12:29 of 3rd period - Stopped by Alex Stalock without a rebound.
12:30 of 3rd period - Eric Staal wins face-off versus Henrik Sedin in Lightning zone.
12:31 of 3rd period - Shot by Patrick Sharp.
12:31 of 3rd period - Shot Misses the Net.
12:33 of 3rd period - Shot by Eric Staal.
12:33 of 3rd period - Stopped by Alex Stalock without a rebound.
12:34 of 3rd period - Henrik Sedin wins face-off versus Eric Staal in Lightning zone.
12:34 of 3rd period - Henrik Sedin is hit by Eric Staal.
12:40 of 3rd period - Shot by Henrik Sedin.
12:40 of 3rd period - Shot Misses the Net.
13:24 of 3rd period - Shot by Mika Zibanejad.
13:24 of 3rd period - Shot Misses the Net.
13:26 of 3rd period - Shot by Dave Bolland.
13:26 of 3rd period - Stopped by Alex Stalock without a rebound.
13:27 of 3rd period - Sidney Crosby wins face-off versus Brad Richards in Lightning zone.
13:28 of 3rd period - Shot by Martin St. Louis.
13:28 of 3rd period - Deflect By Sidney Crosby.
13:28 of 3rd period - Shot Misses the Net.
13:40 of 3rd period - Brent Seabrook is hit by Martin St. Louis.
13:41 of 3rd period - Icing by Brent Seabrook.
13:42 of 3rd period - Dave Bolland wins face-off versus Brad Richards in Lightning zone.
15:11 of 3rd period - Shot by Alec Martinez.
15:11 of 3rd period - Stopped by Alex Stalock without a rebound.
15:12 of 3rd period - Henrik Sedin wins face-off versus Eric Staal in Lightning zone.
15:21 of 3rd period - Minor Penalty to Erik Gudbranson for Tripping.
15:22 of 3rd period - Sidney Crosby wins face-off versus Maxim Lapierre in Lightning zone.
16:37 of 3rd period - Shot by Eric Staal.
16:37 of 3rd period - Deflect By Martin St. Louis.
16:37 of 3rd period - Shot Misses the Net.
16:39 of 3rd period - Shot by Anton Volchenkov.
16:39 of 3rd period - Shot Blocked by Brent Seabrook.
16:41 of 3rd period - Shot by Ron Hainsey.
16:41 of 3rd period - Stopped by Alex Stalock without a rebound.
16:42 of 3rd period - Brad Richards wins face-off versus Eric Staal in Lightning zone.
16:51 of 3rd period - Jason Chimera is hit by Gustav Nyquist and loses puck.
17:00 of 3rd period - Shot by Martin St. Louis.
17:00 of 3rd period - Stopped by Alex Stalock without a rebound.
17:01 of 3rd period - Brad Richards wins face-off versus Sidney Crosby in Lightning zone.
17:01 of 3rd period - Brad Richards is hit by Patrick Sharp.
17:31 of 3rd period - Icing by Jan Hejda.
17:32 of 3rd period - Joffrey Lupul wins face-off versus Henrik Sedin in Senators zone.
17:32 of 3rd period - Joffrey Lupul is hit by Erik Gudbranson.
17:47 of 3rd period - Shot by Henrik Sedin.
17:47 of 3rd period - Stopped by Robin Lehner without a rebound.
17:48 of 3rd period - Brad Richards wins face-off versus Martin St. Louis in Senators zone.
18:04 of 3rd period - Brad Richards is hit by Alec Martinez.
18:26 of 3rd period - Shot by Teddy Purcell.
18:26 of 3rd period - Shot Misses the Net.
19:55 of 3rd period - Shot by Tomas Plekanec.
19:55 of 3rd period - Shot Misses the Net.
19:57 of 3rd period - Shot by Maxime Talbot.
19:57 of 3rd period - Stopped by Robin Lehner without a rebound.
19:58 of 3rd period - Dave Bolland wins face-off versus Brad Richards in Senators zone.
Goals for this period are 0 for Senators vs 2 for Lightning.
Shots for this period are 12 for Senators vs 11 for Lightning.


Output by the SimonT Hockey Simulator (STHS) for Stephane Roy -- Original Page W3C XHTML 1.0 Valid
Hockey Simulator - Hockey Simulation - Hockey Manager